 Dungeon Crawl Stone Soup version 0.24.0-125-gc4c63601f3 (webtiles) character file.

Game seed: 15608594420696791945, levelgen mode: deterministic

383 Frank2 the Cudgeler (level 6, -1/46 HPs)
             Began as a Demonspawn Gladiator on Mar 20, 2020.
             Killed from afar by an orc wizard (6 damage)
             ... with a magic dart
             ... on level 5 of the Dungeon.
             The game lasted 00:04:26 (2710 turns).

Frank2 the Cudgeler (Demonspawn Gladiator)          Turns: 2710, Time: 00:04:27

Health: -1/46      AC:  8    Str: 14    XL:     6   Next: 47%
Magic:  7/7        EV: 13    Int: 14    God:
Gold:   161        SH:  0    Dex: 22    Spells: 5/5 levels left

rFire    . . .     SeeInvis .   u - +7 sceptre of Torment {pain, torment}
rCold    + . .     Gourm    .   (no shield)
rNeg     . . .     Faith    .   i - +0 chain mail
rPois    .         Spirit   .   (helmet restricted)
rElec    .         Reflect  .   (no cloak)
rCorr    .         Harm     .   (no gloves)
MR       .....                  (no boots)
Stlth    ..........             g - amulet of regeneration
HPRegen  0.55/turn              (no ring)
MPRegen  0.10/turn              (no ring)

@: brilliant, agile
A: hooves 2, horns 1, cold resistance 1
a: no special abilities


You were on level 5 of the Dungeon.
You were very hungry.

You visited 1 branch of the dungeon, and saw 5 of its levels.

You collected 161 gold pieces.

Inventory:

Hand Weapons
 u - the +7 sceptre of Torment (weapon) {pain, torment}
   (You found it on level 4 of the Dungeon)

   In the hands of one skilled in necromantic magic, it inflicts extra damage on
   living creatures.
Missiles
 d - 3 throwing nets (quivered)
Armour
 i - a +0 chain mail (worn)
Jewellery
 g - an amulet of regeneration (around neck)
 n - a +6 ring of intelligence {unknown}
 q - a cursed -5 ring of intelligence {unknown}
 r - an uncursed amulet of magic regeneration {unknown}
Wands
 o - a wand of iceblast (5)
 t - a wand of flame (8)
Scrolls
 l - 3 scrolls of teleportation
Potions
 e - 2 potions of haste
 h - a potion of degeneration {unknown}
 j - a potion of cancellation {unknown}
 k - a potion of lignification {unknown}
 p - a potion of flight {unknown}
 s - 2 potions of mutation {unknown}
Comestibles
 f - 9 rations


   Skills:
 + Level 2.9 Fighting
 * Level 4.9 Maces & Flails
 - Level 1.7 Throwing
 + Level 2.5 Armour
 + Level 3.4 Dodging
 - Level 1.5 Evocations


You had 5 spell levels left.
You didn't know any spells.
Your spell library contained the following spells:

 Spells                   Type           Power        Failure   Level  Hunger
 Corona                   Hex            #......      54%         1    ##.....
 Ensorcelled Hibernation  Hex/Ice        #.....       67%         2    ###....
 Confuse                  Hex            #.......     85%         3    ####...
 Dazzling Spray           Conj/Hex       #.....       85%         3    ####...
 Tukima's Dance           Hex            #.......     85%         3    ####...


Dungeon Overview and Level Annotations

Branches:
Dungeon (5/15)
 Temple: D:4-7

Altars:
Cheibriados
Ru
Sif Muna


Innate Abilities, Weirdness & Mutations

You have hoof-like feet.
You have a pair of small horns on your head.
Your flesh is cold resistant. (rC+)


Message History

The puff of flame hits you!
* * * LOW HITPOINT WARNING * * *
The orc wizard hits you but does no damage.
You hit the orc wizard.
You kick the orc wizard, but do no damage.
The orc wizard is severely wounded.
The orc wizard hits you but does no damage.
The orc wizard points at you and mumbles some strange words.
The puff of frost hits you. You resist.
* * * LOW HITPOINT WARNING * * *
The orc wizard barely misses you.
It was a potion of agility.
You feel agile all of a sudden.
The orc wizard hits you but does no damage. x2
It was a potion of brilliance.
You feel clever all of a sudden. The orc wizard closely misses you.
The orc wizard points at you and mumbles some strange words.
The magic dart hits you.
You die...

...#....#...#........
...#...##...#.........
...#...##+###........#
...#...# #........#
...#...# +........#
####...# #........+
.......# #........#
..###########....)...#
..#.............@o...#
..+..............o......
..#.....................
###................%=...
........................
.............########...
...###'#.....# ...
...#...#.....# ..
...#_..#.....#


You could see 2 orc wizards.

Vanquished Creatures
  An ice beast (D:5)
  2 orc priests
  2 hounds (D:4)
  9 adders
  2 worms (D:2)
  2 dart slugs
  6 leopard geckos
  4 orcs (D:4)
  9 bats
  A giant cockroach (D:1)
  2 goblins
  7 hobgoblins
  7 jackals
  4 quokkas
  3 ball pythons
  3 frilled lizards (D:3)
  5 kobolds
  A leopard gecko zombie (D:5)
  4 rats
74 creatures vanquished.

Notes
Turn   | Place    | Note
-------+----------+-------------------------------------------
     0 | D:1      | Frank2 the Demonspawn Gladiator began the quest for the
                  | Orb.
     0 | D:1      | Reached XP level 1. HP: 16/16 MP: 1/1
    61 | D:1      | Reached skill level 3 in Maces & Flails
    71 | D:1      | Gained mutation: You have large cloven feet. [demonic
                  | ancestry]
    71 | D:1      | Reached XP level 2. HP: 12/22 MP: 2/2
   641 | D:2      | Reached XP level 3. HP: 6/27 MP: 3/3
  1050 | D:2      | Found a snail-covered altar of Cheibriados.
  1112 | D:2      | You fall into a shaft and drop 1 floor!
  1159 | D:3      | Gained mutation: Your flesh is cold resistant. (rC+)
                  | [demonic ancestry]
  1159 | D:3      | Reached XP level 4. HP: 25/34 MP: 4/4
  1288 | D:3      | Reached skill level 1 in Armour
  1456 | D:3      | Reached skill level 4 in Maces & Flails
  1926 | D:4      | Gained mutation: You have a pair of small horns on your
                  | head. [demonic ancestry]
  1926 | D:4      | Reached XP level 5. HP: 37/39 MP: 5/5
  2208 | D:4      | Found a sacrificial altar of Ru.
  2266 | D:4      | Reached skill level 1 in Evocations
  2468 | D:4      | Found the +7 sceptre of Torment {pain, torment}
  2615 | D:5      | Entered Level 5 of the Dungeon
  2621 | D:5      | Noticed an ice beast
  2628 | D:5      | Killed an ice beast
  2628 | D:5      | Gained mutation: You have hoof-like feet. [demonic
                  | ancestry]
  2628 | D:5      | Reached XP level 6. HP: 41/46 MP: 5/7
  2694 | D:5      | Found a shimmering blue altar of Sif Muna.
  2710 | D:5      | Killed from afar by an orc wizard

Levels and vault maps discovered:
D:1:      wander_arrival_peaceful_grave, layout_rooms, hex_intersection
D:2:      layout_rooms, kennysheep_slug_shrine
D:3:      layout_basic
D:4:      layout_gridville, nicolae_ru_path_of_blood
D:5:      layout_gridville, overflow_temple_1_default, first_ration,
          serial_shops, shop, uniq_crazy_yiuf_cottage, uniq_pikel, uniq_edmund

Skill      XL: |  1  2  3  4  5 |
---------------+----------------+-----
Maces & Flails | 3 4 |  4.9
Dodging        | 3 |  3.4
Armour         | 1 2 |  2.5
Evocations     | 1 |  1.5
Fighting       | |  2.9
Throwing       | |  1.7

Action                   |  1- 3 |  4- 6 || total
-------------------------+-------+-------++-------
Melee: Flail             |   112 |   102 ||   214
       Kick              |    27 |    17 ||    44
       Headbutt          |       |     9 ||     9
       Eveningstar       |       |    15 ||    15
Throw: Throwing net      |     1 |       ||     1
  Use: Scroll            |       |     7 ||     7
       Potion            |       |     2 ||     2
  Eat: Chunk             |       |     5 ||     5
Armor: Leather armour    |    18 |       ||    18
       Chain mail        |    50 |    98 ||   148
Dodge: Dodged            |    65 |    59 ||   124
